 Dungeon Crawl Stone Soup version 0.24.0-37-gcf1ca852f1 (webtiles) character file.

Game seed: 11330457797849105317, levelgen mode: deterministic

155345 PentaManta the Tortoise (level 17, 0/71 HPs)
             Began as a Gargoyle Fighter on Dec 2, 2019.
             Was the Champion of Okawaru.
             Slain by an ancient zyme (5 damage)
             ... on level 5 of the Abyss.
             The game lasted 02:04:43 (29682 turns).

PentaManta the Tortoise (Gargoyle Fighter)         Turns: 29682, Time: 02:04:44

Health: 0/71       AC: 41    Str: 29      XL:     17   Next: 64%
Magic:  0/11       EV:  7    Int:  4      God:    Okawaru [******]
Gold:   434        SH: 32    Dex:  4 (5)  Spells: 16/16 levels left

rFire    + . .     SeeInvis +   H - +7 flail of Ruumpaeh {vamp, Int+4 Stlth+}
rCold    + . .     Gourm    .   U - +10 large shield of Ignorance {rN+ Int-4}
rNeg     + + .     Faith    .   v - +2 gold dragon scales
rPois    ∞         Spirit   +   c - +2 helmet {SInv}
rElec    +         Reflect  .   J - scarf {Spirit}
rCorr    .         Harm     .   a - +2 pair of gloves of Tiba Jatapp {Slay+2}
MR       ++...     Rnd*Rage +   h - +1 pair of boots Stlth ..........Rnd*Tele +
                                w - amulet of regeneration
HPRegen  0.00/turn              b - ring of protection from magic
MPRegen  0.12/turn              s - +5 ring of strength

@: about to teleport, berserk cooldown, slowed, very slow
A: big wings, [berserk 3], [blurry vision 3], [clumsy 2], [deformed body],
[deterioration 2], [dopey 2], [frail 3], [low mp 3], negative energy resistance
1, [screaming 3], electricity resistance, [inhibited regeneration],
[teleportitis 2], [weak 2], unbreathing, petrification resistance, [no potion
heal 3], rot immunity, [subdued magic 3], AC +12
a: Fly, Heroism, Finesse, Renounce Religion


You were on level 5 of the Abyss.
You worshipped Okawaru.
Okawaru was exalted by your worship.
You were not hungry.

You visited 5 branches of the dungeon, and saw 28 of its levels.
You visited the Abyss 1 time.
You also visited: Bailey and Gauntlet.

You collected 3774 gold pieces.
You spent 3340 gold pieces at shops.

Inventory:

Hand Weapons
 B - a +1 morningstar of protection
 H - the +7 flail of Ruumpaeh (weapon) {vamp, Int+4 Stlth+}
   (Okawaru gifted it to you on level 10 of the Dungeon)

   It inflicts no extra harm, but heals its wielder when it wounds a living foe.
   It affects your intelligence (+4).
   It makes you more stealthy.
 T - the +5 mace "Kead" {holy, rElec rC- rN+}
   (Okawaru gifted it to you on level 14 of the Dungeon)

   It has been blessed by the Shining One to cause great damage to the undead
   and demons.
   It makes you vulnerable to cold.
   It insulates you from electricity.
   It protects you from negative energy.
Missiles
 I - 6 throwing nets (quivered)
Armour
 a - the +2 pair of gloves of Tiba Jatapp (worn) {Slay+2}
   (You found it on level 10 of the Dungeon)

   It affects your accuracy and damage with ranged weapons and melee attacks
   (+2).
 c - a +2 helmet of see invisible (worn)
 h - a +1 pair of boots (worn)
 v - +2 gold dragon scales (worn)
 J - a scarf of spirit shield (worn)
 Q - a scarf of resistance
 U - the +10 large shield of Ignorance (worn) {rN+ Int-4}
   (You bought it in a shop on level 2 of the Orcish Mines)

   It affects your intelligence (-4).
   It protects you from negative energy.
 W - the +4 pair of boots of the Leaf {-Tele rElec MR+++ Str+2}
   (You found it in a Gauntlet)

   It affects your strength (+2).
   It insulates you from electricity.
   It affects your resistance to hostile enchantments.
   It prevents most forms of teleportation.
 Y - quicksilver dragon scales
Jewellery
 b - a ring of protection from magic (left hand)
 j - a +4 ring of strength
 r - an uncursed ring of protection from cold
 s - a +5 ring of strength (right hand)
 t - an uncursed amulet of faith {unknown}
 w - an amulet of regeneration (around neck)
 D - an uncursed ring of protection from fire
 E - an uncursed ring of positive energy
 V - a +5 amulet of reflection
Wands
 d - a wand of clouds (13)
 n - a wand of scattershot (12)
 x - a wand of enslavement (15)
 M - a wand of acid (3)
 N - a wand of polymorph (23)
 O - a wand of paralysis (11)
 R - a wand of iceblast (14)
Scrolls
 i - 3 scrolls of teleportation
 l - 14 scrolls of identify
 m - 7 scrolls of enchant weapon
 p - a scroll of brand weapon {unknown}
 u - a scroll of magic mapping
 A - 5 scrolls of fear
 K - 9 scrolls of remove curse
 L - 2 scrolls of blinking
 P - 9 scrolls of fog
Potions
 g - 6 potions of lignification
 k - 3 potions of brilliance
 o - 2 potions of resistance
 q - 5 potions of haste
 y - 2 potions of invisibility
 z - 3 potions of agility
 C - 11 potions of curing
 G - 2 potions of mutation
 S - a potion of might
 X - 7 potions of heal wounds
Miscellaneous
 e - 3 phantom mirrors
 Z - 2 boxes of beasts
Comestibles
 f - 42 rations


   Skills:
 + Level 10.1 Fighting
 - Level 15.0 Maces & Flails
 + Level 18.0 Armour
 * Level 9.3 Dodging
 + Level 17.6 Shields


You had 16 spell levels left.
You didn't know any spells.
Your spell library contained the following spells:

 Spells                   Type           Power        Failure   Level  Hunger
 Animate Skeleton         Necr           N/A          100%        1    ##.....
 Apportation              Tloc           #.....       100%        1    ##.....
 Confusing Touch          Hex            #.....       100%        1    ##.....
 Sting                    Conj/Pois      #...         100%        1    ##.....
 Summon Small Mammal      Summ           #...         100%        1    ##.....
 Blink                    Tloc           N/A          100%        2    ###....
 Call Imp                 Summ           #.......     100%        2    ###....
 Poisonous Vapours        Pois/Air       #.....       100%        2    ###....
 Shroud of Golubria       Chrm/Tloc      #.....       100%        2    ###....
 Call Canine Familiar     Summ           #.......     100%        3    ####...
 Gell's Gravitas          Tloc           #.........   100%        3    ####...
 Lesser Beckoning         Tloc           #.........   100%        3    ####...
 Mephitic Cloud           Conj/Pois/Air  #.......     100%        3    ####...
 Stone Arrow              Conj/Erth      #.....       100%        3    ####...
 Summon Guardian Golem    Hex/Summ       #.......     100%        3    ####...
 Teleport Other           Tloc           #.......     100%        3    ####...
 Leda's Liquefaction      Hex/Erth       #.........   100%        4    #####..
 Olgreb's Toxic Radiance  Pois           #.......     100%        4    #####..
 Passage of Golubria      Tloc           N/A          100%        4    #####..
 Summon Ice Beast         Ice/Summ       #.......     100%        4    #####..
 Summon Lightning Spire   Summ/Air       #.......     100%        4    #####..
 Silence                  Hex/Air        #.........   100%        5    ######.
 Venom Bolt               Conj/Pois      #.........   100%        5    ######.
 Malign Gateway           Summ/Tloc      #.........   100%        7    #######
 Monstrous Menagerie      Summ           #.........   100%        7    #######
 Summon Greater Demon     Summ           #.........   100%        7    #######
 Summon Horrible Things   Summ           #.........   100%        8    #######
 Statue Form              Tmut/Erth      Unusable     N/A         6    N/A

Dungeon Overview and Level Annotations

Branches:
Dungeon (15/15)            Temple (1/1) D:7            Lair (6/6) D:9
  Swamp (0/4) Lair:2        Snake (4/4) Lair:4        Slime (0/5) Lair:6
    Orc (2/2) D:10            Elf (0/3) Orc:2        Vaults (0/5) D:14
 Depths (0/5) D:15         Bailey (visited)         Gauntlet (visited)

Altars:
Ashenzari
Cheibriados
Dithmenos
Elyvilon
Fedhas
Gozag
Hepliaklqana
Kikubaaqudgha
Makhleb
Nemelex Xobeh
Okawaru
Qazlal
Ru
Sif Muna
Trog
Uskayaw
Vehumet
Wu Jian
Xom
Yredelemnul
Zin
The Shining One
Beogh

Shops:
Orc:1 }   Orc:2 [:![*   Snake:1 *   Snake:3 =

Annotations:
Snake:4 Louise


Innate Abilities, Weirdness & Mutations

You are resistant to torment.
Your stone body is resilient. (AC +12)
You are immune to poison.
Your large and strong wings let you fly indefinitely.
You resist negative energy. (rN+)
You are resistant to electric shocks. (rElec)
You can survive without breathing.
You are immune to petrification.
You are immune to rotting.
[You have an uncontrollable temper.]
[Scrolls take you much longer to read.]
[You are very clumsy. (Dex -4)]
[Armour fits poorly on your strangely shaped body.]
[Your body often deteriorates upon taking damage.]
[You are very dopey. (Int -4)]
[You are extremely frail. (-30% HP)]
[Your magical capacity is extremely low. (-30% MP)]
[You frequently scream uncontrollably at your foes.]
[You do not regenerate when monsters are visible.]
[You are sometimes teleported next to monsters.]
[You are very weak. (Str -4)]
[Potions cannot restore your health.]
[Your spells are much easier to cast, but much less powerful.]


Message History

A starcursed mass splits. x2
The ancient zyme hits you but does no damage.
You block the ancient zyme's attack.
You scream at the spatial vortex!
A spatial vortex comes into view.
You thump the ancient zyme!
The ancient zyme is severely damaged.
You block the thrashing horror's attack. x2
The spatial vortex hits you.
* * * LOW HITPOINT WARNING * * *
Space bends around you.
* * * LOW HITPOINT WARNING * * *
The smoke demon gestures at you. Something smites you!
* * * LOW HITPOINT WARNING * * *
Your body deteriorates!
You feel clumsy.
You block the spatial maelstrom's attack.
The spatial maelstrom hits you but does no damage.
The ancient zyme hits you.
You die... ## ###.## ##v.X. # #vv.#..# #@xv# ##*v# # # §3X## #.###X#X# ...xXvXX#

#.. .XX.X# ..
#.........##.#
#
#.......§...#
... v.....
§§.# .


You could see 7 starcursed masses, a spatial maelstrom, a wretched star, 5
spatial vortices, an ancient zyme, a thrashing horror, 2 large abominations and
a smoke demon.

Vanquished Creatures
  A nagaraja (Snake:3)
  The ghost of hitsuchi the Black Belt, a journeyman OpTm of Okawaru (Orc:1)
  The ghost of FishyPogo the Nimble, a journeyman GnMo of Qazlal (Lair:5)
  2 dire elephants
  A minotaur (Gauntlet)
  Azrael (Orc:2)
  Harold (D:7)
  Fannar (Orc:1)
  7 naga warriors
  11 hydras
  An ice dragon (D:15)
  The ghost of lis82 the Thaumaturge, a journeyman DgFE (Lair:2)
  Erica (D:11)
  11 anacondas
  A centaur warrior (Orc:2)
  5 two-headed ogres
  A dancing weapon (Orc:1)
  10 death yaks
  Urug (D:11)
  An orc high priest (Orc:2)
  An ogre mage (D:14)
  3 tengu warriors
  13 naga sharpshooters
  3 shock serpents
  The ghost of jaiteiro the Cleaver, a novice HOMo of Beogh (D:7)
  A sea snake (Snake:1)
  A spectral death yak (Lair:2)
  6 naga ritualists
  4 unseen horrors
  An orange crystal statue (Gauntlet)
  4 wizards
  4 orc knights
  2 lindwurms (Lair:6)
  10 ugly things
  A wolf spider (D:15)
  11 mana vipers
  2 deep elf magi
  2 cyclopes
  8 salamanders
  3 manticores
  A moth of wrath (D:7)
  Joseph (D:7)
  2 guardian serpents
  8 naga magi
  40 black mambas
  2 elephants (Lair:6)
  3 smoke demons
  14 spiny frogs
  A gargoyle (D:11)
  2 torpor snails
  2 rime drakes (Lair:6)
  4 yaktaurs (D:15)
  An efreet (D:12)
  2 kobold demonologists (D:15)
  7 komodo dragons
  A tengu conjurer (D:15)
  An ancient zyme (Abyss:4)
  2 polar bears
  A tyrant leech (Lair:4)
  7 trolls
  2 hornets (D:12)
  10 slime creatures
  12 blink frogs
  2 dream sheep (Lair:6)
  8 hippogriffs
  A centaur simulacrum (D:15)
  2 shadows
  3 wyverns
  A human (D:11)
  3 wraiths
  3 fire elementals (Orc:2)
  5 basilisks
  65 yaks
  3 hogs (D:11)
  3 hungry ghosts
  A chaos spawn (Abyss:4)
  A death yak simulacrum (Lair:2)
  2 spectral komodo dragons (Lair:2)
  Menkaure (D:7)
  33 nagas
  2 wargs (Orc:2)
  4 swamp worms (Lair:4)
  A hydra simulacrum (Lair:2)
  10 porcupines
  A hell hound (Orc:2)
  An acid dragon (D:13)
  9 water moccasins
  A swamp drake (Lair:1)
  A black bear (D:7)
  3 eyes of draining
  7 ice beasts
  6 sky beasts
  44 orc warriors
  A necrophage (D:10)
  2 phantoms
  18 ogres
  10 crocodiles
  9 wolves (Lair:6)
  20 centaurs
  6 big kobolds
  15 bullfrogs
  10 gnoll sergeants
  2 small abominations (Abyss:5)
  5 scorpions
  10 killer bees
  A dream sheep simulacrum (Lair:2)
  20 wights
  3 howler monkeys
  3 electric eels
  8 crimson imps
  4 bullfrog zombies
  3 quasits
  2 centaur zombies
  5 jellies
  14 orc priests
  4 hounds
  Crazy Yiuf (D:2)
  A gnoll shaman (Orc:2)
  27 orc wizards
  A bullfrog skeleton (D:12)
  Jessica (D:2)
  6 centaur skeletons
  2 iguanas
  9 hell rats
  Ijyb (D:5)
  12 worker ants
  A howler monkey zombie (D:5)
  18 gnolls
  16 adders
  A howler monkey skeleton (D:8)
  4 shadow imps
  4 white imps (Gauntlet)
  3 oozes
  A worm (D:5)
  2 dart slugs
  8 leopard geckos
  93 orcs
  4 bats
  6 giant cockroaches
  13 goblins
  5 hobgoblins
  8 jackals
  7 quokkas
  14 ball pythons
  3 frilled lizards
  28 kobolds
  2 quokka skeletons
  8 rats
  A lurking horror (Abyss:4)
980 creatures vanquished.

Vanquished Creatures (others)
  2 naga sharpshooters (Snake:1)
  A porcupine (Lair:1)
  A bullfrog (Lair:1)
  3 orcs (Orc:2)
  A fungus (Lair:3)
  6 plants
  15 starspawn tentacles
  A withered plant (Gauntlet)
30 creatures vanquished.

Grand Total: 1010 creatures vanquished

Notes
Turn   | Place    | Note
-------+----------+-------------------------------------------
     0 | D:1      | PentaManta the Gargoyle Fighter began the quest for the
                  | Orb.
     0 | D:1      | Reached XP level 1. HP: 14/14 MP: 1/1
   115 | D:1      | Reached XP level 2. HP: 16/19 MP: 2/2
   921 | D:2      | Found a runed translucent door.
   922 | D:2      | Noticed Crazy Yiuf
  1063 | D:2      | Reached XP level 3. HP: 16/23 MP: 3/3
  1356 | D:2      | Noticed Jessica
  1382 | D:2      | HP: 1/23 [Jessica/nerve-wracking pain (4)]
  1383 | D:2      | Killed Jessica
  1383 | D:2      | Reached skill level 1 in Dodging
  1383 | D:2      | Reached XP level 4. HP: 2/28 MP: 4/4
  2153 | D:2      | Paralysed by Crazy Yiuf for 4 turns
  2164 | D:2      | Killed Crazy Yiuf
  2164 | D:2      | Reached skill level 4 in Armour
  2164 | D:2      | Reached XP level 5. HP: 3/32 MP: 1/5
  2498 | D:3      | Found a faded altar of an unknown god.
  3163 | D:3      | Noticed an ogre
  3174 | D:3      | Killed an ogre
  3174 | D:3      | Reached XP level 6. HP: 37/37 MP: 6/6
  3752 | D:5      | Entered Level 5 of the Dungeon
  3800 | D:4      | Reached skill level 5 in Maces & Flails
  3800 | D:4      | Reached XP level 7. HP: 13/41 MP: 7/7
  3962 | D:5      | Reached skill level 5 in Shields
  4043 | D:5      | Noticed Ijyb
  4057 | D:5      | Killed Ijyb
  4268 | D:5      | Found a bloodstained altar of Trog.
  4454 | D:5      | Reached XP level 8. HP: 36/46 MP: 8/8
  5185 | D:6      | Got a slimy leather armour
  5196 | D:6      | Identified the cursed +0 leather armour of Parlour Games
                  | {rF+} (You found it on level 6 of the Dungeon)
  5869 | D:7      | Noticed Joseph
  5907 | D:7      | Killed Joseph
  5907 | D:7      | Reached XP level 9. HP: 51/51 MP: 9/9
  5970 | D:7      | Noticed Menkaure
  5977 | D:7      | Killed Menkaure
  6055 | D:7      | Noticed Harold
  6079 | D:7      | Killed Harold
  6079 | D:7      | Reached skill level 10 in Maces & Flails
  6130 | D:7      | Reached XP level 10. HP: 46/56 MP: 10/10
  6221 | D:7      | Found a transporter.
  6224 | D:7      | Identified the +5 great mace "Nydisch" {freeze, rElec}
  6224 | D:7      | Noticed jaiteiro's ghost (novice HOMo)
  6249 | D:7      | Found a staircase to the Ecumenical Temple.
  6258 | Temple   | Entered the Ecumenical Temple
  6355 | Temple   | Became a worshipper of Warmaster Okawaru
  6428 | D:7      | Found a transporter.
  6436 | D:7      | Found a bloodstained altar of Trog.
  6440 | D:7      | Identified the cursed +1 battleaxe of World's End {chop,
                  | Dex+2}
  6440 | D:7      | Noticed a tengu warrior
  6446 | D:7      | Noticed a moth of wrath
  6986 | D:8      | Reached * piety under Okawaru
  7675 | D:9      | Found a staircase to the Lair.
  7698 | D:9      | Reached skill level 5 in Armour
  7871 | D:9      | Noticed a death yak
  7872 | D:9      | Noticed a death yak
  7874 | D:9      | Noticed a death yak
  7874 | D:9      | Noticed a death yak
  7874 | D:9      | Noticed a death yak
  7874 | D:9      | Noticed a death yak
  7963 | D:10     | Entered Level 10 of the Dungeon
  7965 | D:10     | Got a pair of brightly glowing gloves
  7971 | D:10     | Identified the +2 pair of gloves of Tiba Jatapp {Slay+2}
                  | (You found it on level 10 of the Dungeon)
  8036 | D:10     | Reached ** piety under Okawaru
  8095 | D:10     | Found a staircase to the Orcish Mines.
  8112 | D:10     | Reached skill level 10 in Shields
  8116 | D:10     | Reached skill level 6 in Armour
  8195 | D:10     | Reached *** piety under Okawaru
  8195 | D:10     | Reached XP level 11. HP: 46/60 MP: 11/11
  8266 | D:10     | Reached skill level 7 in Armour
  8415 | D:10     | Reached **** piety under Okawaru
  8796 | D:11     | Reached skill level 8 in Armour
  9224 | D:11     | Noticed Erica
  9250 | D:11     | Killed Erica
  9336 | D:11     | Reached skill level 9 in Armour
  9357 | D:11     | Reached ***** piety under Okawaru
  9369 | D:11     | Noticed Urug
  9389 | D:11     | Killed Urug
 10177 | D:12     | Killed an unseen horror
 10177 | D:12     | Reached skill level 10 in Armour
 10202 | D:12     | Reached XP level 12. HP: 45/64 MP: 12/12
 10267 | D:12     | Found a flagged portal.
 10280 | D:12     | Received a gift from Okawaru
 10288 | Bailey   | Entered a bailey
 10818 | D:12     | Reached skill level 11 in Armour
 11368 | D:13     | Noticed a two-headed ogre
 11389 | D:12     | Killed a two-headed ogre
 11389 | D:12     | Reached skill level 12 in Armour
 11759 | D:13     | Reached ****** piety under Okawaru
 11759 | D:13     | Received a gift from Okawaru
 11805 | D:13     | Reached XP level 13. HP: 60/69 MP: 13/13
 12305 | D:13     | Reached skill level 13 in Armour
 12843 | D:14     | Received a gift from Okawaru
 12846 | D:14     | Got an ancient longbow {god gift}
 12997 | D:14     | Found a gate to the Vaults.
 13131 | D:14     | Reached skill level 14 in Armour
 13179 | D:14     | Paralysed by a wizard for 2 turns
 13346 | D:14     | Found a shattered altar of Ashenzari.
 13434 | D:14     | Received a gift from Okawaru
 13437 | D:14     | Got an ancient mace {god gift}
 13438 | D:14     | Identified the +5 mace "Kead" {holy, rElec rC- rN+}
                  | (Okawaru gifted it to you on level 14 of the Dungeon)
 13778 | D:14     | Found a shimmering altar of Xom.
 14089 | D:15     | Entered Level 15 of the Dungeon
 14311 | D:15     | Gained mutation: Your large and strong wings let you fly
                  | indefinitely. [Gargoyle growth]
 14311 | D:15     | Reached XP level 14. HP: 44/74 MP: 14/14
 14804 | D:15     | Found a staircase to the Depths.
 14804 | D:15     | Noticed a dire elephant
 14850 | D:15     | Killed a dire elephant
 14850 | D:15     | Received a gift from Okawaru
 14850 | D:15     | Reached skill level 15 in Armour
 15536 | Orc:1    | Entered Level 1 of the Orcish Mines
 15576 | Orc:1    | Noticed Fannar
 15593 | Orc:1    | Killed Fannar
 15724 | D:10     | Received a gift from Okawaru
 15739 | D:10     | Got an ichor-stained flail {god gift}
 15741 | D:10     | Identified the +7 flail of Ruumpaeh {vamp, Int+4 Stlth+}
                  | (Okawaru gifted it to you on level 10 of the Dungeon)
 15815 | Orc:1    | Found a roughly hewn altar of Beogh.
 15883 | Orc:1    | Found a runed translucent door.
 15886 | Orc:1    | Found a shimmering altar of Xom.
 15890 | Orc:1    | Noticed hitsuchi's ghost (journeyman OpTm)
 15958 | Orc:1    | Found Niuvo's Gadget Emporium.
 16357 | Orc:2    | Entered Level 2 of the Orcish Mines
 16393 | Orc:2    | Found a staircase to the Elven Halls.
 16393 | Orc:2    | Found Xieloups's Antique Armour Emporium.
 16758 | Orc:2    | Noticed Azrael
 16777 | Orc:2    | Killed Azrael
 17061 | Orc:2    | Received a gift from Okawaru
 17095 | Orc:2    | Reached skill level 16 in Armour
 17148 | Orc:2    | Reached skill level 15 in Maces & Flails
 17243 | Orc:2    | Found Ziep's Distillery.
 17243 | Orc:2    | Found Vid Kul's Armour Shop.
 17245 | Orc:2    | Found Uloch's Assorted Antiques.
 17247 | Orc:2    | Found Noveq's Book Shoppe.
 17358 | Orc:2    | Bought the +10 large shield of Ignorance {rN+ Int-4} for
                  | 2005 gold pieces
 17358 | Orc:2    | Found the +10 large shield of Ignorance {rN+ Int-4}
 17480 | Orc:1    | Killed hitsuchi's ghost
 17567 | Lair:1   | Entered Level 1 of the Lair of Beasts
 18540 | Lair:2   | Found a runed translucent gate.
 18541 | Lair:2   | Found a runed translucent gate.
 18542 | Lair:2   | Found a runed translucent gate.
 18555 | Lair:2   | Identified a scroll of acquirement
 18654 | Lair:2   | Reached XP level 15. HP: 80/80 MP: 15/15
 18846 | Lair:2   | Found a staircase to the Swamp.
 19186 | Lair:2   | Noticed lis82's ghost (journeyman DgFE)
 19333 | Lair:3   | Found a gate leading to a gauntlet.
 19354 | Gauntlet | Entered a Gauntlet
 19354 | Gauntlet | Found a transporter.
 19378 | Gauntlet | Found a transporter.
 19380 | Gauntlet | Found a transporter.
 19382 | Gauntlet | Found a transporter.
 19383 | Gauntlet | Found a transporter.
 19384 | Gauntlet | Found a transporter.
 19392 | Gauntlet | Found a transporter.
 19399 | Gauntlet | Found a transporter.
 19412 | Gauntlet | Found a transporter.
 19429 | Gauntlet | Found a transporter.
 19433 | Gauntlet | Found a transporter.
 19441 | Gauntlet | Found a transporter.
 19606 | Gauntlet | Got a brightly glowing tin ring
 19608 | Gauntlet | Identified the ring of Xoblozotio {*Tele *Corrode rPois
                  | Dex+3} (You found it in a Gauntlet)
 19703 | Gauntlet | Got a pair of faintly humming boots
 19714 | Gauntlet | Identified the +4 pair of boots of the Leaf {-Tele rElec
                  | MR+++ Str+2} (You found it in a Gauntlet)
 19793 | Gauntlet | Received a gift from Okawaru
 19793 | Gauntlet | Reached skill level 5 in Fighting
 19793 | Gauntlet | Reached skill level 15 in Shields
 19802 | Gauntlet | Identified the Papyrus of Floating Stones
 20586 | Lair:4   | Found a staircase to the Snake Pit.
 21648 | Lair:5   | Found a runed translucent gate.
 21648 | Lair:5   | Found a runed translucent gate.
 21649 | Lair:5   | Found a runed translucent gate.
 21649 | Lair:5   | Noticed FishyPogo's ghost (journeyman GnMo)
 22284 | Lair:6   | Entered Level 6 of the Lair of Beasts
 22291 | Lair:6   | Received a gift from Okawaru
 22949 | Lair:6   | Received a gift from Okawaru
 23121 | Lair:6   | Reached skill level 5 in Dodging
 23141 | Lair:6   | Found a staircase to the Slime Pits.
 23329 | Lair:6   | Reached XP level 16. HP: 92/92 MP: 16/16
 23353 | Lair:6   | Got a warped lapis lazuli ring
 23355 | Lair:6   | Identified the ring "Fuinimiwua" {rElec MR- EV+3 Str+5}
                  | (You acquired it on level 6 of the Lair of Beasts)
 23675 | Snake:1  | Entered Level 1 of the Snake Pit
 24081 | D:9      | Reached skill level 17 in Armour
 24396 | D:7      | Killed jaiteiro's ghost
 24616 | Orc:2    | Bought +0 gold dragon scales for 1200 gold pieces
 24711 | Orc:2    | Bought a scarf of spirit shield for 135 gold pieces
 24914 | Lair:2   | Killed lis82's ghost
 25105 | Lair:5   | Killed FishyPogo's ghost
 25195 | Lair:5   | Got a coiled amber ring
 25198 | Lair:5   | Identified the ring of the Everdark {rElec rPois Int+3
                  | Dex+3} (You acquired it on level 5 of the Lair of Beasts)
 25333 | Snake:1  | Found Luat's Assorted Antiques.
 25507 | Snake:1  | Received a gift from Okawaru
 25706 | Snake:1  | Found a shimmering altar of Xom.
 26578 | Snake:2  | Reached XP level 17. HP: 88/100 MP: 2/17
 26698 | Snake:2  | Received a gift from Okawaru
 27809 | Snake:3  | Found Dekkeriu's Jewellery Shoppe.
 28553 | Snake:4  | Entered Level 4 of the Snake Pit
 28722 | Snake:4  | Reached skill level 10 in Fighting
 29188 | Snake:4  | Noticed Louise
 29201 | Snake:4  | Cast into level 3 of the Abyss (Louise)
 29434 | Abyss:4  | Noticed a tentacled starspawn
 29456 | Abyss:5  | Entered Level 5 of the Abyss
 29456 | Abyss:5  | Found a corrupted altar of Lugonu.
 29542 | Abyss:5  | Noticed a tentacled starspawn
 29549 | Abyss:5  | Noticed a tentacled starspawn
 29579 | Abyss:5  | Noticed a profane servitor
 29582 | Abyss:5  | Found a corrupted altar of Lugonu.
 29583 | Abyss:5  | Noticed a tentacled starspawn
 29669 | Abyss:5  | Reached skill level 18 in Armour
 29682 | Abyss:5  | Slain by an ancient zyme

Levels and vault maps discovered:
D:1:      dpeg_arrival_radiant, layout_loops_ring, minmay_3d_cube
D:2:      layout_loops_cross, first_ration, minmay_snake_closets,
          uniq_crazy_yiuf_cottage, uniq_jessica
D:3:      layout_loops_cross, chequers_ecumenical_altar_simple,
          nrook_mini_backslash, skrybe_limestone_x
D:4:      layout_rooms
D:5:      minmay_recursive_quarters, layout_loops_corners,
          lightli_temple_of_fire, feat_on_display, uniq_ijyb
D:6:      layout_cave_pods
D:7:      layout_basic, minmay_temple_entry_waves,
          gammafunk_ghost_wrathful_warriors, uniq_harold, uniq_menkaure,
          uniq_joseph
D:8:      layout_rooms
D:9:      layout_rooms, dpeg_lair_monsters
D:10:     layout_cave_pools, kennysheep_orc_monster_closet_entryway
D:11:     layout_loops_corners, grunt_livestock, uniq_erica, uniq_urug
D:12:     cheibrodos_barr_body, layout_long_grid, enter_bailey_3,
          hangedman_decor_peaks_small
D:13:     layout_loops_ring, nicolae_benzene_ring,
          chequers_serial_rivers_room_a, minmay_fractal_squares_diagonal_5
D:14:     layout_cave_pods, david_vaults_2, evilmike_ruin_ashenzari,
          hangedman_decor_slide_cut, tgw_xom
D:15:     hangedman_depths_entry_try_elsewhere_first, layout_basic,
          small_statue_alley_a
Temple:   kilobyte_greek_temple
Lair:1:   layout_loops_ring, pond
Lair:2:   layout_regular_city, swamp_mist_pool, gammafunk_ghost_necromancy,
          grunt_megastairs_1
Lair:3:   layout_roguey, gauntlet_entry_generic, lemuel_fruit_tree
Lair:4:   layout_roguey, minmay_snake_entry_guardpost_small, worms_lemuel,
          infiniplex_staircase_pool_2
Lair:5:   layout_layer_cave, gammafunk_ghost_hydra_chop,
          kennysheep_basilisk_garden
Lair:6:   hangedman_lair_in_review, layout_gridlike, minmay_slime_entry_pillars,
          minivault_27, chequers_serial_rivers_micro_c,
          infiniplex_staircase_pool
Snake:1:  layout_gridlike, basic_altar, minmay_shop_star, serial_bayou_shore_a,
          grunt_megastairs_2
Snake:2:  layout_misc_corridors, nicolae_snake_springs, grunt_megastairs_3
Snake:3:  layout_chambers, minmay_shop_enchanted_jewellery
Snake:4:  snake_pit, layout_chambers, uniq_louise
Orc:1:    layout_caves, basic_altar, serial_shops, shop_fountains,
          ebering_ghost_xom, uniq_fannar
Orc:2:    st_orc_rangers, layout_caves, serial_shops, shop, uniq_azrael
Abyss:5:  base: D:8, base: Snake:3, gammafunk_abyss_rune_reverse_zot,
          minivault_25_ag, evilmike_nicolae_abyss_rune_betentacled_crabyss,
          gammafunk_abyss_rune_reverse_zot, gammafunk_abyss_rune_reverse_zot,
          minivault_5, evilmike_abyss_exit_kraken

Skill      XL: |  1  2  3  4  5  6  7  8  9 10 11 12 13 14 15 16 17 |
---------------+----------------------------------------------------+-----
Maces & Flails | 3 4 5 6 8 10 11 12 13 14 15 | 15.0
Dodging        | 1 2 3 5 7 9 |  9.3
Armour         | 4 6 10 12 14 16 17 18 | 18.0
Shields        | 4 5 7 8 10 11 12 13 14 16 17 | 17.6
Fighting       | 4 7 9 10 | 10.1

Action                   |  1- 3 |  4- 6 |  7- 9 | 10-12 | 13-15 | 16-18 || total
-------------------------+-------+-------+-------+-------+-------+-------++-------
Melee: Flail             |    35 |    20 |   363 |    12 |  1230 |   985 ||  2645
       Dagger            |   186 |   290 |    61 |    26 |       |       ||   563
       Mace              |       |       |       |  1066 |   648 |    23 ||  1737
       Morningstar       |       |       |       |    97 |   179 |   170 ||   446
Throw: Dart              |       |     5 |       |     6 |       |       ||    11
Invok: Heroism           |       |       |       |       |     3 |       ||     3
 Abil: Fly               |       |       |       |       |     1 |       ||     1
       Stop Flying       |       |       |       |       |     1 |       ||     1
Evoke: Wand              |       |       |       |     1 |     3 |       ||     4
  Use: Potion            |       |     1 |       |     1 |     1 |     4 ||     7
       Scroll            |       |     9 |    13 |     7 |     5 |    12 ||    46
 Stab: Invisible         |       |       |       |       |       |     6 ||     6
       Distracted        |       |       |       |       |       |     2 ||     2
  Eat: Chunk             |     2 |     8 |     8 |    21 |    27 |    12 ||    78
       Ration            |       |       |       |       |     4 |     3 ||     7
Armor: Scale mail        |   120 |   116 |   129 |       |       |       ||   365
       Ring mail         |       |       |    39 |   177 |       |       ||   216
       Chain mail        |       |       |       |   412 |   937 |    29 ||  1378
       Troll leather arm |       |       |       |     3 |       |       ||     3
       Quicksilver drago |       |       |       |       |    27 |       ||    27
       Gold dragon scale |       |       |       |       |       |   442 ||   442
Dodge: Dodged            |    79 |    98 |   106 |   455 |   583 |   212 ||  1533
Block: Shield            |    89 |   142 |   207 |   840 |  1018 |       ||  2296
       Large shield      |       |       |       |       |  1280 |  2065 ||  3345
       Reflection        |       |       |       |       |    15 |   128 ||   143
